 Dungeon Crawl Stone Soup version 0.20-a0-555-gf6ae02d (webtiles) character file.

46 Bzzzz the Skirmisher (level 3, -1/29 HPs)
             Began as a Demonspawn Abyssal Knight on Feb 7, 2017.
             Was a Follower of Lugonu.
             Slain by an adder (2 damage)
             ... on level 2 of the Dungeon.
             The game lasted 00:04:22 (1218 turns).

Bzzzz the Skirmisher (Demonspawn Abyssal Knight)    Turns: 1218, Time: 00:04:22

Health: -1/29      AC:  3    Str: 13    XL:     3   Next: 44%
Magic:  5/5        EV: 11    Int: 13    God:    Lugonu [*.....]
Gold:   55         SH:  0    Dex: 12    Spells: 2/2 levels left

rFire    . . .     SeeInvis .   a - +1 falchion
rCold    . . .     Gourm    .   b - +0 leather armour
rNeg     . . .     Faith    .   (no shield)
rPois    .         Spirit   .   (helmet restricted)
rElec    .         Reflect  .   (no cloak)
rCorr    .         Harm     .   (no gloves)
MR       .....                  (no boots)
Stlth    +.........             (no amulet)
Regen    0.1/turn               (no ring)
                                (no ring)

@: lethally poisoned (-1 -> -7)
A: antennae 2
a: Depart the Abyss, Renounce Religion


You were on level 2 of the Dungeon.
You worshipped Lugonu.
Lugonu was aware of your devotion.
You were not hungry.

You visited 1 branch of the dungeon, and saw 2 of its levels.
You visited the Abyss 1 time.

You collected 55 gold pieces.

Inventory:

Hand Weapons
 a - a +1 falchion (weapon)
Armour
 b - a +0 leather armour (worn)
Scrolls
 f - a scroll of fear {unknown}
 g - a scroll of recharging {unknown}
 l - a scroll of blinking {unknown}
 m - a scroll of random uselessness {unknown}
 o - a scroll of fog {unknown}
Potions
 h - a potion of curing
 j - a potion of beneficial mutation {unknown}
 n - 3 potions of brilliance
 p - a potion of haste {unknown}
Miscellaneous
 e - a box of beasts
Comestibles
 c - a bread ration
 d - 5 fruits
 k - a meat ration
 q - a royal jelly


   Skills:
 + Level 3.2 Fighting
 * Level 2.4 Long Blades
 + Level 2.2 Armour
 + Level 1.3 Dodging
 + Level 2.9 Invocations


You had 2 spell levels left.
You didn't know any spells.

Dungeon Overview and Level Annotations

Branches:
Dungeon (2/15)

Altars:


Innate Abilities, Weirdness & Mutations

You have a pair of antennae on your head.


Message History

a club; a hobgoblin corpse; a bat corpse The adder bites you but does no damage.
You hit the adder but do no damage. The adder bites you.
You hit the adder.
The adder is heavily wounded.
The adder barely misses you.
You riposte.
You hit the adder but do no damage.
The adder is heavily wounded.
The adder bites you.
* * * LOW HITPOINT WARNING * * *
You barely miss the adder.
The adder is heavily wounded.
The adder bites you.
* * * LOW HITPOINT WARNING * * *
You are lethally poisoned!
The adder poisons you! The adder bites you but does no damage.
You hit the adder.
The adder is severely wounded.
* * * LOW HITPOINT WARNING * * *
You feel sick. The adder bites you.
You die...

## ..
#.###############
#.##....)..$..... #
#.##.!..)@S.....#
#.#.##).#####......
####.#.##..# .....
#..........# ....
#.####..#.## ...
###.####..#.# ..
.......†..#.# .
###.#####.#.# #.#
..#.#


You could see an adder.

Vanquished Creatures
  An ooze (D:2)
  A dart slug (D:1)
  A leopard gecko (D:1)
  4 giant cockroaches (D:1)
  5 goblins
  5 hobgoblins
  A quokka (D:2)
  6 bats
  3 frilled lizards
  4 kobolds
  6 rats
37 creatures vanquished.

Notes
Turn   | Place    | Note
-------+----------+-------------------------------------------
     0 | Abyss:1  | Bzzzz the Demonspawn Abyssal Knight began the quest for the Orb.
     0 | Abyss:1  | Reached XP level 1. HP: 18/18 MP: 2/2
    43 | Abyss:2  | Noticed a bone dragon
    46 | Abyss:2  | Noticed a wraith
    48 | D:1      | Escaped the Abyss
   117 | D:1      | Reached skill level 1 in Dodging
   479 | D:1      | Reached * piety under Lugonu
   479 | D:1      | Gained mutation: You have a pair of small antennae on your head. [demonic ancestry]
   479 | D:1      | Reached XP level 2. HP: 24/24 MP: 3/3
   895 | D:2      | Gained mutation: You have a pair of antennae on your head. [demonic ancestry]
   895 | D:2      | Reached XP level 3. HP: 28/29 MP: 5/5
  1218 | D:2      | HP: 1/29 [poisoned by an adder]
  1218 | D:2      | Slain by an adder

Vault maps used:
D:1:      ncdulo_wetmaze
D:2:      minmay_diamond_boxcup

Skill      XL: |  1  2 |
---------------+-------+-----
Dodging        | 1 |  1.3
Long Blades    | 2 |  2.4
Armour         | 2 |  2.2
Fighting       | |  3.2
Invocations    | |  2.9

Action                   || total
-------------------------++-------
Melee: Falchion          ||    94
Invok: Depart the Abyss  ||     1
Evoke: Box of beasts     ||     1
  Use: Scroll            ||     2
  Eat: Chunk             ||     1
Armor: Leather armour    ||    27
Dodge: Dodged            ||    61
       Rpst.: Falchion   ||    23
